 Dungeon Crawl Stone Soup version 0.21.1-1-g345015f (webtiles) character file.

3670 vatarom the Ruffian (level 9, -3/90 (92) HPs)
             Began as a Black Draconian Transmuter on Mar 28, 2018.
             Was a Follower of Dithmenos.
             Slain by a porcupine (11 damage)
             ... on level 8 of the Dungeon.
             The game lasted 00:20:22 (8660 turns).

vatarom the Ruffian (Black Draconian Transmuter)    Turns: 8660, Time: 00:20:23

HP:   -3/90 (92)    AC:  5    Str: 15    XL:     9   Next: 89%
MP:   17/18         EV: 11    Int: 16    God:    Dithmenos [*.....]
Gold: 233           SH:  0    Dex: 12    Spells: 10/20 levels left

rFire    x . .     SeeInvis .     - Unarmed
rCold    + + +     Gourm    .   (shield currently unavailable)
rNeg     . . .     Faith    .   (armour unavailable)
rPois    +         Spirit   .   (helmet currently unavailable)
rElec    .         Reflect  .   (cloak currently unavailable)
rCorr    .         Harm     .   (gloves currently unavailable)
MR       .....                  (boots currently unavailable)
Stlth    +++.......             o - amulet of regeneration
HPRegen  0.65/turn              i - ring of stealth
MPRegen  0.16/turn              (no ring)

@: ice-form, wreathed by umbra, drained
A: large, (breathe lightning), unfitting armour, mutation resistance 1, strong
1, AC +7
a: End Transformation, Renounce Religion


You were on level 8 of the Dungeon.
You worshipped Dithmenos.
Dithmenos was aware of your devotion.
You were not hungry.
You were a creature of crystalline ice.
You visited 2 branches of the dungeon, and saw 9 of its levels.

You collected 373 gold pieces.
You spent 140 gold pieces at shops.

Inventory:

Hand Weapons
 p - a +0 hunting sling
Missiles
 a - 21 arrows
 s - 4 curare-tipped needles
Armour
 r - a +1 pair of gloves (melded)
 v - a scarf of repulsion (melded)
 y - a +0 hat (melded)
Jewellery
 i - a ring of stealth (left front paw)
 o - an amulet of regeneration (around neck)
Wands
 j - a wand of flame (12)
 x - a wand of digging (17)
Scrolls
 d - 3 scrolls of identify
 e - 3 scrolls of magic mapping
 g - 5 scrolls of remove curse
 l - a scroll of blinking {unknown}
 m - 3 scrolls of amnesia
Potions
 f - 2 potions of flight {unknown}
 h - a potion of berserk rage {unknown}
 k - 2 potions of heal wounds
 n - a potion of ambrosia
 q - 2 potions of lignification
 t - 4 potions of curing
 u - a potion of invisibility
 z - a potion of brilliance {unknown}
Books
 b - a book of Changes

   Spells                             Type                      Level
   a - Beastly Appendage              Transmutation                1
   b - Sticks to Snakes               Transmutation                2
   c - Spider Form                    Transmutation/Poison         3
   d - Ice Form                       Ice/Transmutation            4
   e - Blade Hands                    Transmutation                5
Comestibles
 c - 11 rations


   Skills:
 + Level 6.3(5.1) Fighting
 + Level 5.4(4.2) Dodging
 + Level 7.5(6.3) Unarmed Combat
 * Level 6.0(4.8) Spellcasting
 * Level 7.4(6.2) Transmutations


You had 10 spell levels left.
You knew the following spells:

 Your Spells              Type           Power        Failure   Level  Hunger
a - Beastly Appendage     Tmut           ###...       1%          1    None
b - Sticks to Snakes      Tmut           ###.....     1%          2    ##.....
c - Spider Form           Tmut/Pois      ##........   13%         3    ###....
d - Ice Form              Ice/Tmut       ##......     41%         4    ####...


Dungeon Overview and Level Annotations

Branches:
Dungeon (8/15)             Temple (1/1) D:7            Lair (0/6) D:8

Altars:
Ashenzari
Cheibriados
Dithmenos
Elyvilon
Fedhas
Gozag
Hepliaklqana
Kikubaaqudgha
Makhleb
Nemelex Xobeh
Okawaru
Qazlal
Ru
Sif Muna
Trog
Uskayaw
Wu Jian
Xom
Yredelemnul
Zin
The Shining One

Shops:
D:4 }!:

Annotations:
D:4 Grinder, Pikel
D:6 CollectiveS's ghost, novice DrTm


Innate Abilities, Weirdness & Mutations

((You can breathe wild blasts of lightning.))
((Your glossy black scales are hard. (AC +7)))
You cannot fit into any form of body armour.
((You are resistant to electric shocks. (rElec)))
((You are cold-blooded and may be slowed by cold attacks.))
You are somewhat resistant to further mutation.
Your muscles are strong. (Str +2)


Message History

The porcupine is almost dead.
The porcupine closely misses you.
You completely miss the porcupine.
The porcupine is almost dead.
The porcupine closely misses you.
You are struck by the porcupine's spines.
You hit the porcupine but do no damage.
The porcupine is almost dead.
The porcupine bites you!
You are too injured to fight recklessly!
You are too injured to fight recklessly!
You punch the yak! You freeze the yak.
The yak is moderately wounded.
The porcupine bites you!
* * * LOW HITPOINT WARNING * * *
The yak gores you!
* * * LOW HITPOINT WARNING * * *
Unknown command.
The porcupine bites you!
You die...

#.!.........
##..........
...........#
...........#
.........>.# ..
...........#....
.......Y%..#....
.......r....P.P.
######+#Y.......
+.......P.PP.PP.
#.....P..P..PP..
#......PPPP.P..PP.
#......PP.....PPPP
#......P..P.P...PP
#...P.P.P.P.P.P.r.
#.....PPPP...>P.P.
#...P.PPPP.PPPP...


You could see a yak and a porcupine.

Vanquished Creatures
  Prince Ribbit (D:6)
  Edmund (D:5)
  Duvessa (D:4)
  3 porcupines (D:8)
  An orc warrior (D:7)
  2 slaves (D:4)
  3 phantoms
  4 ogres
  3 necrophages (D:7)
  2 big kobolds (D:7)
  A bullfrog (D:7)
  Dowan (D:4)
  2 elf skeletons (D:7)
  2 scorpions
  A troll zombie (D:7)
  5 killer bees (D:7)
  5 wights
  A crimson imp (D:6)
  The ghost of Redear the Ruffian, a weakling VSMo (D:3)
  6 orc priests
  A jelly (D:5)
  3 orc wizards
  4 human zombies (D:7)
  2 bullfrog skeletons (D:4)
  A hound (D:6)
  2 centaur skeletons
  Natasha (thrice) (D:3)
  4 worker ants
  A killer bee zombie (D:7)
  An ogre zombie (D:7)
  A hound skeleton (D:3)
  A mummy (D:7)
  A howler monkey skeleton (D:4)
  3 gnolls (D:3)
  8 adders
  An ooze (D:4)
  2 adder skeletons
  3 worms
  4 dart slugs
  5 leopard geckos
  16 orcs
  8 bats
  2 giant cockroaches (D:3)
  9 goblins
  9 hobgoblins
  6 jackals
  5 quokkas
  6 frilled lizards
  A jackal zombie (D:4)
  8 kobolds
  A leopard gecko skeleton (D:4)
  2 leopard gecko zombies
  5 rats
175 creatures vanquished.

Vanquished Creatures (collateral kills)
  An orc (D:7)
1 creature vanquished.

Vanquished Creatures (others)
  8 fungi (D:8)
  A plant (D:8)
9 creatures vanquished.

Grand Total: 185 creatures vanquished

Notes
Turn   | Place    | Note
-------+----------+-------------------------------------------
     0 | D:1      | vatarom the Draconian Transmuter began the quest for the Orb.
     0 | D:1      | Reached XP level 1. HP: 16/16 MP: 3/3
   346 | D:1      | Reached XP level 2. HP: 20/23 MP: 3/5
   351 | D:1      | Learned a level 2 spell: Sticks to Snakes
   867 | D:1      | Reached XP level 3. HP: 29/29 MP: 6/6
   924 | D:2      | Learned a level 3 spell: Spider Form
  1309 | D:2      | Reached XP level 4. HP: 21/36 MP: 5/7
  1525 | D:2      | Found a sparkling altar of Nemelex Xobeh.
  1825 | D:2      | Found a hide-covered altar of Uskayaw.
  1825 | D:2      | Noticed a hand axe
  1826 | D:2      | Noticed a hand axe
  1959 | D:2      | Found a stormy altar of Qazlal.
  2110 | D:2      | Found an iron altar of Okawaru.
  2114 | D:2      | Found an ancient bone altar of Kikubaaqudgha.
  2117 | D:2      | Found a white marble altar of Elyvilon.
  2341 | D:3      | Noticed Natasha
  2351 | D:3      | Killed Natasha
  2521 | D:3      | Noticed Redear's ghost (weakling VSMo)
  2589 | D:3      | Killed Redear's ghost
  2589 | D:3      | Reached XP level 5. HP: 27/42 MP: 4/8
  2831 | D:3      | Noticed Natasha
  2843 | D:3      | Killed Natasha
  2970 | D:3      | Found a faded altar of an unknown god.
  3134 | D:3      | Noticed Natasha
  3158 | D:3      | Killed Natasha
  3663 | D:3      | Found a glowing golden altar of the Shining One.
  3738 | D:3      | Reached XP level 6. HP: 45/50 MP: 9/9
  4032 | D:4      | Reached skill level 5 in Unarmed Combat
  4122 | D:4      | Noticed a slave
  4124 | D:4      | Noticed Pikel
  4134 | D:4      | Noticed a slave
  4153 | D:4      | Gained mutation: Your magical capacity is low. (-10% MP) [potion of mutation]
  4153 | D:4      | Gained mutation: You have large cloven feet. [potion of mutation]
  4153 | D:4      | Gained mutation: Your large and strong wings let you fly indefinitely. [potion of mutation]
  4566 | D:4      | Found Rirogh's Gadget Shoppe.
  4764 | D:4      | Noticed Duvessa
  4765 | D:4      | Noticed Dowan
  4783 | D:4      | Killed Duvessa
  4783 | D:4      | Your scales start taking on a glossy black colour.
  4783 | D:4      | Reached XP level 7. HP: 57/57 MP: 9/9
  4783 | D:4      | Gained mutation: You are resistant to electric shocks. (rElec) [Black Draconian growth]
  4784 | D:4      | Killed Dowan
  4882 | D:4      | Found a shattered altar of Ashenzari.
  4927 | D:4      | Found Weda's Distillery.
  4931 | D:4      | Bought a potion of ambrosia for 80 gold pieces
  4931 | D:4      | Bought 2 potions of lignification for 60 gold pieces
  4942 | D:4      | Noticed Grinder
  5073 | D:4      | Paralysed by Grinder for 5 turns
  5087 | D:4      | Found Wimoih's Book Emporium.
  5263 | D:5      | Entered Level 5 of the Dungeon
  5415 | D:5      | Noticed Edmund
  5434 | D:5      | Killed Edmund
  5489 | D:5      | Learned a level 4 spell: Ice Form
  5542 | D:5      | Found a bloodstained altar of Trog.
  5663 | D:5      | Got a warped dagger
  5664 | D:5      | Identified the +8 dagger of the Skies Above {pain, +Fly rPois rC+} (You found it on level 5 of the Dungeon)
  6271 | D:6      | Reached XP level 8. HP: 67/67 MP: 7/10
  6277 | D:6      | Noticed Prince Ribbit
  6302 | D:6      | Killed Prince Ribbit
  6343 | D:6      | Reached skill level 5 in Transmutations
  6826 | D:6      | Noticed CollectiveS's ghost (novice DrTm)
  7093 | D:7      | Reached skill level 5 in Fighting
  7153 | D:7      | Found a staircase to the Ecumenical Temple.
  7296 | Temple   | Entered the Ecumenical Temple
  7351 | Temple   | Became a worshipper of Dithmenos the Shadowed
  7407 | D:7      | Lost mutation: Your magical capacity is low. (-10% MP) [potion of mutation]
  7407 | D:7      | Lost mutation: You have large cloven feet. [potion of mutation]
  7407 | D:7      | Lost mutation: Your large and strong wings let you fly indefinitely. [potion of mutation]
  7407 | D:7      | Gained mutation: You are somewhat resistant to further mutation. [potion of mutation]
  7407 | D:7      | Gained mutation: Your muscles are strong. (Str +2) [potion of mutation]
  7497 | D:7      | Reached XP level 9. HP: 72/72 MP: 6/15
  7608 | D:7      | Found a basalt altar of Yredelemnul.
  7765 | D:7      | Reached * piety under Dithmenos
  7776 | D:7      | Reached skill level 5 in Spellcasting
  7783 | D:7      | Reached skill level 5 in Dodging
  8413 | D:8      | Found a staircase to the Lair.
  8660 | D:8      | Slain by a porcupine

Skill      XL: |  1  2  3  4  5  6  7  8  9 |
---------------+----------------------------+-----
Dodging        | 2 3 4 5 |  5.4
Fighting       | 2 3 4 5 6 |  6.3
Unarmed Combat | 4 5 6 7 |  7.5
Transmutations | 3 4 6 7 |  7.4
Spellcasting   | 4 6 |  6.0

Action                   |  1- 3 |  4- 6 |  7- 9 || total
-------------------------+-------+-------+-------++-------
Melee: Unarmed           |   128 |   216 |   453 ||   797
       Kick              |    10 |    14 |    16 ||    40
       Headbutt          |     8 |     9 |     3 ||    20
       Tailslap          |    10 |    12 |    29 ||    51
       Punch             |     1 |     3 |     4 ||     8
       Dagger            |       |       |     3 ||     3
 Fire: Blowgun           |       |     4 |       ||     4
 Cast: Beastly Appendage |    25 |    20 |     6 ||    51
       Spider Form       |     1 |     8 |    15 ||    24
       Sticks to Snakes  |       |     4 |     6 ||    10
       Ice Form          |       |       |     4 ||     4
 Abil: Breathe Lightning |       |       |     7 ||     7
       End Transformatio |       |       |     1 ||     1
Evoke: Wand              |       |     3 |     1 ||     4
  Use: Potion            |     3 |     7 |     1 ||    11
       Scroll            |       |     4 |     4 ||     8
 Stab: Sleeping          |     1 |     1 |     2 ||     4
  Eat: Chunk             |     2 |     7 |    11 ||    20
       Ration            |       |     2 |     2 ||     4
Armor: Skin              |    39 |    61 |    62 ||   162
Dodge: Dodged            |    98 |   157 |   256 ||   511
       Deflected         |       |       |     2 ||     2
